 Dungeon Crawl Stone Soup version 0.27.1-33-g824d729ab1 (webtiles) character file.

Game seed: 5658466265328534688

4474 Garessta the Bewitcher (level 10, -3/52 HPs)
             Began as a Vampire Enchanter on Dec 10, 2021.
             Was an Initiate of Wu Jian.
             Slain by a slime creature (17 damage)
             ... on level 8 of the Dungeon.
             The game lasted 00:24:14 (10524 turns).

Garessta the Bewitcher (Vampire Enchanter)         Turns: 10524, Time: 00:24:15

Health: -3/52      AC:  0    Str:  5 (7)  XL:     10   Next: 15%
Magic:  11/13      EV: 21    Int: 16 (18) God:    Wu Jian [......]
Gold:   53         SH:  0    Dex: 21 (23) Spells: 3/13 levels left

rFire    . . .     SeeInvis +   (weapon currently unavailable)
rCold    + + .     Faith    .   (shield currently unavailable)
rNeg     + + +     Spirit   .   (armour currently unavailable)
rPois    ∞         Reflect  .   (helmet currently unavailable)
rElec    .         Harm     .   (cloak currently unavailable)
rCorr    .         Rampage  .   (gloves currently unavailable)
Will     +....                  (boots currently unavailable)
Stlth    ++++++++..             (no amulet)
HPRegen  0.00/turn              (ring currently unavailable)
MPRegen  0.13/turn              (ring currently unavailable)

@: bat-form, flying, bloodless, inhibited regen, very quick
A: fast, flying, no casting, bloodless, tiny, fangs 3, see invisible, vampiric 2
a: Revivify, End Transformation, Renounce Religion


You were on level 8 of the Dungeon.
You worshipped Wu Jian.
Wu Jian was noncommittal.
You were a vampire bat.
You visited 2 branches of the dungeon, and saw 9 of its levels.

You collected 395 gold pieces.
You spent 342 gold pieces at shops.

Inventory:

Hand Weapons
 a - a +2 dagger (melded)
Armour
 q - the +2 robe of Poor Excuses (melded) {Fly rPois}
   (You found it on level 5 of the Dungeon)

   rPois:     It protects you from poison.
   Fly:       It grants you flight.
 r - a +2 helmet of see invisible (melded)
Jewellery
 d - a ring of flight
 k - a +6 ring of dexterity (melded)
 n - a ring of ice
 p - a ring of magical power (melded)
Wands
 i - a wand of polymorph (11)
 l - a wand of mindburst (14)
 s - a wand of flame (12)
Scrolls
 c - 3 scrolls of teleportation
 g - 2 scrolls of vulnerability
 x - a scroll of summoning {unknown}
 y - a scroll of amnesia
Potions
 b - 5 potions of lignification
 e - 2 potions of magic
 f - a potion of brilliance
 h - 2 potions of curing
 j - 2 potions of might
 m - 2 potions of degeneration
 o - a potion of haste {unknown}
 t - a potion of attraction
 u - 3 potions of heal wounds
 v - a potion of ambrosia
 w - a potion of cancellation {unknown}


   Skills:
 + Level 1.3 Fighting
 * Level 3.0 Short Blades
 + Level 3.0 Dodging
 + Level 13.0 Stealth
 - Level 2.0 Spellcasting
 * Level 16.0 Hexes


You had 3 spell levels left.
You knew the following spells:

 Your Spells              Type           Power      Damage    Failure   Level
a - Corona                Hex            57%        N/A       1%          1
b - Ensorcelled Hibernat  Hex/Ice        54%        N/A       1%          2
c - Confusing Touch       Hex            52%        N/A       1%          3
d - Cause Fear            Hex            26%        N/A       1%          4

Your spell library contained the following spells:

 Spells                   Type           Power      Damage    Failure   Level
 Tukima's Dance           Hex            52%        N/A       1%          3
 Dazzling Flash           Conj/Hex       54%        N/A       2%          3
 Inner Flame              Hex/Fire       27%        N/A       2%          3
 Beastly Appendage        Tmut           2%         N/A       21%         1
 Magic Dart               Conj           4%         1d3       21%         1
 Pain                     Necr           4%         1d4       21%         1
 Call Imp                 Summ           1%         N/A       30%         2
 Wereblood                Tmut           1%         N/A       30%         2
 Gell's Gravitas          Tloc           0%         N/A       52%         3
 Lesser Beckoning         Tloc           0%         N/A       52%         3
 Mephitic Cloud           Conj/Pois/Air  1%         N/A       52%         3
 Spider Form              Tmut/Pois      0%         N/A       52%         3
 Teleport Other           Tloc           1%         N/A       52%         3
 Discord                  Hex            26%        N/A       88%         8
 Agony                    Necr           1%         N/A       99%         5
 Excruciating Wounds      Necr           0%         N/A       99%         5


Dungeon Overview and Level Annotations

Branches:
Dungeon (8/15)             Temple (1/1) D:4            Lair (0/6) D:8

Altars:
Ashenzari
Dithmenos
Elyvilon
Fedhas
Gozag
Hepliaklqana
Kikubaaqudgha
Nemelex Xobeh
Qazlal
Sif Muna
Trog
Vehumet
Wu Jian
Yredelemnul
Zin
The Shining One

Shops:
D:1 !   D:8 ?

Annotations:
D:8 2 transporters


Innate Abilities, Weirdness & Mutations

You are a vampire bat.
You are tiny and dextrous.
You move quickly.
You are flying.
You are immune to poison.
Your equipment is almost entirely melded.
You are incapable of wielding weapons or throwing items.
You cannot cast spells.
You do not regenerate when monsters are visible.
You are frail without blood (-20% HP).
You can heal yourself when you bite living creatures.
You have razor-sharp teeth.
You have supernaturally acute eyesight. (SInv)
You are afflicted with vampirism and can become a bat while bloodless.


Message History

Your Fighting skill increases to level 1!
Your Stealth skill increases to level 13!
The slime creature hits you.
You lunge at the slime creature.
The helpless slime creature fails to defend itself.
You spit the slime creature like a pig!!!!
You kill the slime creature!
The Council accepts your kill.
Your Hexes skill increases to level 16!
You lunge at the slime creature.
The helpless slime creature fails to defend itself.
You skewer the slime creature like a kebab!!!!
You kill the slime creature!
The Council accepts your kill. The slime creature hits you.
Your Short Blades skill increases to level 3!
Your Dodging skill increases to level 3!
Aiming: Ensorcelled Hibernation (safe; 1% risk of failure)
Press: ? - help, Q - select action, (/) - cycle Shift-Dir - straight line, f - slime creature
Aim: a slime creature (chance to affect: 41%)
The slime creature resists with some effort.
The slime creature hits you!
Aiming: Ensorcelled Hibernation (safe; 1% risk of failure)
Press: ? - help, Q - select action, (/) - cycle Shift-Dir - straight line, f/p - slime creature
Aim: a slime creature (chance to affect: 41%)
The slime creature resists with some effort.
The slime creature closely misses you. The slime creature hits you!
* * * LOW HITPOINT WARNING * * *
You turn into a vampire bat.
Your +2 dagger melds into your body.
Your +2 helmet of see invisible melds into your body.
The +2 robe of Poor Excuses {Fly rPois} melds into your body.
Your +6 ring of dexterity melds into your body.
Your ring of magical power melds into your body.
You float gracefully downwards.
You feel clumsy.
You feel your magic capacity decrease.
You feel weakened.
You feel dopey.
You feel clumsy. The slime creature hits you!
You die...

........# #.............
#.........##+##.............
#.............#############.
#.............# #########.
#.............# #.........
#.............# #.######..
#.............# #.#..))...
###....#####....# #†#.#.....
.............b..# #.#.#.###.
.......######J..# #.#.#.# #.
....#########...# #.#...###.
...!............# #.######..
. ..........#### #.######..
..........# #.........
..........# ########..
..........# #.. ..........#
#..


You could see a slime creature.

Vanquished Creatures
  Pikel (D:4)
  Joseph (D:7)
  4 slime creatures (D:8)
  2 wyverns
  A wraith (D:7)
  A water moccasin (D:8)
  3 orc warriors (D:7)
  A sky beast (D:7)
  2 black bears
  An ice beast (D:6)
  A centaur (D:6)
  2 ogres
  3 lemures (D:4)
  A kobold brigand (D:7)
  3 bullfrogs
  A scorpion (D:5)
  3 wyvern skeletons (D:6)
  A water moccasin zombie (D:6)
  3 howler monkeys
  3 centaur zombies
  4 jellies
  2 orc priests (D:7)
  Crazy Yiuf (D:7)
  5 iguanas
  Jessica (D:2)
  6 orc wizards
  2 hound skeletons (D:4)
  A howler monkey zombie (D:8)
  Robin (D:2)
  7 adders
  2 gnolls (D:7)
  4 river rats (D:7)
  4 worms
  A dart slug (D:1)
  25 orcs
  6 bats
  5 endoplasms
  2 giant cockroaches
  16 goblins
  7 hobgoblins
  4 quokkas
  10 ball pythons
  5 frilled lizards
  3 kobolds
  9 rats
  A butterfly (D:4)
172 creatures vanquished.

Vanquished Creatures (others)
  66 plants (D:7)
66 creatures vanquished.

Grand Total: 238 creatures vanquished

Notes
Turn   | Place    | Note
-------+----------+-------------------------------------------
     0 | D:1      | Garessta the Vampire Enchanter began the quest for the Orb.
     0 | D:1      | Reached XP level 1. HP: 13/13 MP: 3/3
   224 | D:1      | Reached skill level 5 in Hexes
   224 | D:1      | Reached XP level 2. HP: 19/19 MP: 5/5
   227 | D:1      | Learned a level 2 spell: Ensorcelled Hibernation
   383 | D:1      | Found Ruqoamoj's Distillery.
   431 | D:1      | Found a faded altar of an unknown god.
   682 | D:1      | Reached skill level 5 in Stealth
  1129 | D:2      | Gained mutation: You are afflicted with vampirism and can
                  | become a bat while bloodless. [Vampire growth]
  1129 | D:2      | Reached XP level 3. HP: 24/24 MP: 3/6
  1223 | D:2      | Reached skill level 6 in Hexes
  1509 | D:2      | Noticed Jessica
  1516 | D:2      | Killed Jessica
  1517 | D:2      | Reached XP level 4. HP: 24/24 MP: 7/7
  1722 | D:2      | Noticed Robin
  1728 | D:2      | Killed Robin
  1729 | D:2      | Reached skill level 7 in Hexes
  2102 | D:3      | Noticed a black bear
  2289 | D:2      | Learned a level 3 spell: Confusing Touch
  2315 | D:3      | Reached XP level 5. HP: 28/28 MP: 8/8
  3300 | D:3      | Killed a black bear
  3301 | D:3      | Reached skill level 8 in Hexes
  3301 | D:3      | Reached XP level 6. HP: 32/32 MP: 6/9
  4024 | D:4      | Found an ornate altar of the Wu Jian Council.
  4059 | D:4      | Reached skill level 9 in Hexes
  4083 | D:4      | Found a broken altar of Ashenzari.
  4293 | D:4      | Found an opulent altar of Gozag.
  4336 | D:4      | Found a staircase to the Ecumenical Temple.
  4349 | Temple   | Entered the Ecumenical Temple
  4496 | D:4      | Noticed Pikel
  4759 | D:4      | Killed Pikel
  4760 | D:4      | Reached skill level 11 in Hexes
  4760 | D:4      | Reached XP level 7. HP: 36/36 MP: 0/10
  4877 | D:5      | Entered Level 5 of the Dungeon
  5017 | D:5      | Identified the +2 robe of Poor Excuses {Fly rPois}
  5065 | D:5      | Reached XP level 8. HP: 41/41 MP: 11/11
  5223 | D:5      | Found a sparkling altar of Nemelex Xobeh.
  5566 | D:5      | Reached skill level 10 in Stealth
  5566 | D:5      | Reached skill level 12 in Hexes
  5988 | D:6      | Found the +8 longbow "Zephyr" {speed, Dex+3 SInv}
  6471 | D:6      | Reached skill level 13 in Hexes
  6700 | D:5      | Learned a level 4 spell: Cause Fear
  7005 | D:6      | Found a radiant altar of Vehumet.
  7013 | D:6      | Reached XP level 9. HP: 45/45 MP: 7/12
  7608 | D:6      | Reached skill level 14 in Hexes
  8015 | D:7      | Found a broken altar of Ashenzari.
  8795 | D:7      | Reached skill level 15 in Hexes
  8946 | D:7      | Noticed Joseph
  8958 | D:7      | Killed Joseph
  9332 | D:7      | Found a runed translucent door.
  9333 | D:7      | Noticed Crazy Yiuf
  9425 | D:7      | Killed Crazy Yiuf
  9560 | D:4      | Became a worshipper of the Wu Jian Council
  9799 | D:1      | Bought a potion of attraction for 42 gold pieces
  9799 | D:1      | Bought a potion of might for 56 gold pieces
  9799 | D:1      | Bought a potion of ambrosia for 112 gold pieces
  9799 | D:1      | Bought a potion of curing for 42 gold pieces
 10056 | D:8      | Found a transporter.
 10068 | D:8      | Found a transporter.
 10121 | D:8      | Found Modexuppo's Magic Scroll Shop.
 10128 | D:8      | Bought a scroll of amnesia for 42 gold pieces
 10128 | D:8      | Bought a scroll of identify for 24 gold pieces
 10128 | D:8      | Bought a scroll of identify for 24 gold pieces
 10163 | D:8      | Noticed a boulder beetle
 10236 | D:8      | Found a staircase to the Lair.
 10506 | D:8      | Reached XP level 10. HP: 51/51 MP: 13/13
 10508 | D:8      | Reached skill level 1 in Fighting
 10512 | D:8      | Reached skill level 16 in Hexes
 10524 | D:8      | Slain by a slime creature

Illustrated notes

Levels and vault maps discovered:
D:1:      lemuel_arrival_muddy, layout_loops_ring,
          ebering_ecumenical_altar_hall, serial_shops, nicolae_lakefront_shop
D:2:      layout_basic, serial_corexii_hall, corexii_hall_statues_x,
          corexii_hall_statues_i, corexii_hall_statues_l,
          hangedman_decor_peaks_small, uniq_jessica, uniq_robin
D:3:      minmay_recursive_quarters, layout_basic, minmay_misc_feat_nine_boxes
D:4:      layout_gridville, mainiacjoe_overflow_alcove_4,
          nzn_wu_jian_contemplation, nicolae_ashenzari_panopticon, zin_academy,
          minmay_temple_entry_butterflies, minivault_25, uniq_pikel
D:5:      layout_basic, mainiacjoe_overflow_tiny_flanked
D:6:      layout_layer_cave, lemuel_round_altar
D:7:      wad_woods_stonehenge, layout_basic, kennysheep_generic_room_6,
          uniq_joseph, uniq_crazy_yiuf_cottage
D:8:      gammafunk_boulding_lane, layout_basic,
          grunt_temple_overflow_champion_of_chaos, dpeg_oklobed_lair,
          serial_shops, nicolae_shop_stone
Temple:   compressed_dpeg_circular_temple

Skill      XL: |  1  2  3  4  5  6  7  8  9 10 |
---------------+-------------------------------+-----
Hexes          | 5 6 7 8 11 13 15 16 | 16.0
Stealth        | 5 6 7 9 11 12 13 | 13.0
Short Blades   | 2 3 |  3.0
Fighting       | 1 |  1.3
Dodging        | 3 |  3.0
Spellcasting   | |  2.0

Action                   |  1- 3 |  4- 6 |  7- 9 | 10-12 || total
-------------------------+-------+-------+-------+-------++-------
Melee: Dagger            |    65 |   143 |   131 |     3 ||   342
       Bite              |     3 |     7 |    13 |       ||    23
 Cast: Ensorcelled Hiber |    15 |    46 |    68 |     2 ||   131
       Confusing Touch   |       |     3 |     5 |       ||     8
       Cause Fear        |       |       |     1 |       ||     1
Invok: Lunge             |       |       |     7 |     3 ||    10
 Abil: Exsanguinate      |     1 |       |       |       ||     1
       Bat Form          |       |       |       |     1 ||     1
  Use: Scroll            |     3 |       |    12 |       ||    15
 Stab: Sleeping          |    23 |    49 |    56 |     3 ||   131
       Distracted        |     2 |       |     1 |       ||     3
       Confused          |       |     2 |     5 |       ||     7
Armor: Robe              |    12 |    40 |    14 |       ||    66
Dodge: Dodged            |    23 |    95 |    68 |     2 ||   188
